[ AOE2 MATCH · #482140621 ]
UnrankedMaya vs Franks
[ REPLAY ANALYSIS · EXTRACTED FROM THE RECORDED GAME ]
Feudal
9:49
Castle
21:23
Imperial
—
| APM avg | 54.9 |
| APM peak | 109 |
| eAPM avg | 21.9 |
| Villagers / military | 41 / 27 |
Focus
⚔️ 25.7% · 🌾 74.3%
Archer ×27
Feudal
9:49
Castle
—
Imperial
—
| APM avg | 27.6 |
| APM peak | 77 |
| eAPM avg | 12.3 |
| Villagers / military | 40 / 16 |
Focus
⚔️ 25.8% · 🌾 74.2%
Scout Cavalry ×12 · Militia ×4
Feudal
11:14
Castle
—
Imperial
—
| APM avg | 12.1 |
| APM peak | 27 |
| eAPM avg | 7.1 |
| Villagers / military | 32 / 17 |
Focus
⚔️ 26.9% · 🌾 73.1%
Spearman ×17
Feudal
9:02
Castle
23:56
Imperial
—
| APM avg | 24.1 |
| APM peak | 52 |
| eAPM avg | 10.8 |
| Villagers / military | 59 / 21 |
Focus
⚔️ 16.2% · 🌾 83.8%
Archer ×21
Match map
Initial resources + every placement click. Lines = walls · curves = elevation contours. ◆ gold · ⬟ stone · ● berries · ✦ relic · ◌ wall gap
Your base· ✓ Closed at 21:23 · 46t walls · no gate
Mandarh's base· Open — unwalled flank
SCHLAWInER's base· Open — unwalled flank
Shaka's base· Open — unwalled flank
Smoothed initial terrain · ◌ = detected wall gap · hover for details
Inputs per minute
— Keksprinzessin - - Mandarh
Build order — Keksprinzessin
128 actions detected in the replay
| 0:00 | Research | Loom |
| 0:02 | Build | House |
| 0:04 | Build | House |
| 0:06 | Create | Villager (Male) |
| 0:06 | Create | Villager (Male) |
| 0:07 | Create | Villager (Male) |
| 1:17 | Create | Villager (Male) |
| 1:51 | Build | Lumber Camp |
| 2:06 | Create | Villager (Male) |
| 2:06 | Create | Villager (Male) |
| 2:56 | Create | Villager (Male) |
| 3:13 | Create | Villager (Male) |
| 3:27 | Build | House |
| 3:28 | Build | House |
| 3:30 | Create | Villager (Male) |
| 4:03 | Create | Villager (Male) |
| 4:15 | Build | Mill |
| 4:30 | Create | Villager (Male) |
| 4:49 | Create | Villager (Male) |
| 5:05 | Create | Villager (Male) |
| 5:05 | Create | Villager (Male) |
| 5:44 | Create | Villager (Male) |
| 5:44 | Create | Villager (Male) |
| 5:44 | Create | Villager (Male) |
| 6:42 | Create | Villager (Male) |
| 7:39 | Research | Feudal Age |
| 7:50 | Build | Barracks |
| 7:51 | Build | House |
| 8:13 | Build | Mining Camp |
| 8:27 | Create | Villager (Male) |
| 8:27 | Create | Villager (Male) |
| 9:20 | Build | Palisade Wall |
| 9:49 | Age | Feudal Age |
| 9:50 | Build | Archery Range |
| 9:59 | Build | Archery Range |
| 10:10 | Create | Villager (Male) |
| 10:20 | Build | House |
| 10:22 | Build | Palisade Wall |
| 10:36 | Build | House |
| 10:46 | Create | Archer |
| 10:46 | Create | Archer |
| 10:55 | Create | Archer |
| 10:55 | Create | Archer |
| 11:09 | Create | Villager (Male) |
| 11:09 | Create | Villager (Male) |
| 11:20 | Build | Farm |
| 11:31 | Research | Double-Bit Axe |
| 11:53 | Build | House |
| 11:56 | Build | Palisade Wall |
| 12:06 | Build | Blacksmith |
| 12:09 | Build | Palisade Wall |
| 12:11 | Create | Villager (Male) |
| 12:15 | Create | Villager (Male) |
| 12:18 | Create | Archer |
| 12:22 | Create | Archer |
| 12:35 | Build | Farm |
| 12:50 | Create | Villager (Male) |
| 12:52 | Research | Fletching |
| 12:57 | Build | House |
| 13:02 | Build | Palisade Wall |
| 13:03 | Build | Palisade Wall |
| 13:18 | Create | Villager (Male) |
| 13:21 | Build | Farm |
| 13:25 | Research | Padded Archer Armor |
| 13:25 | Research | Padded Archer Armor |
| 13:27 | Create | Archer |
| 13:31 | Build | Farm |
| 13:32 | Create | Villager (Male) |
| 13:50 | Create | Archer |
| 13:53 | Create | Villager (Male) |
| 13:57 | Build | Farm |
| 14:12 | Create | Archer |
| 14:19 | Create | Villager (Male) |
| 14:22 | Build | Farm |
| 14:34 | Create | Archer |
| 15:05 | Create | Archer |
| 15:22 | Create | Archer |
| 15:24 | Create | Villager (Male) |
| 15:24 | Create | Villager (Male) |
| 15:27 | Build | Farm |
| 15:28 | Build | Farm |
| 15:29 | Build | Farm |
| 15:34 | Build | Farm |
| 15:36 | Build | Farm |
| 15:36 | Create | Villager (Male) |
| 15:52 | Create | Villager (Male) |
| 15:52 | Create | Villager (Male) |
| 16:00 | Build | Farm |
| 16:02 | Create | Villager (Male) |
| 16:39 | Create | Archer |
| 16:39 | Create | Archer |
| 16:39 | Create | Archer |
| 16:40 | Create | Villager (Male) |
| 16:43 | Build | House |
| 17:05 | Create | Archer |
| 17:10 | Build | Farm |
| 17:13 | Build | House |
| 17:17 | Build | House |
| 17:27 | Create | Archer |
| 17:27 | Create | Archer |
| 17:53 | Build | Farm |
| 17:57 | Build | Farm |
| 18:23 | Build | House |
| 18:43 | Research | Castle Age |
| 18:43 | Research | Castle Age |
| 18:55 | Research | Gold Mining |
| 19:29 | Create | Archer |
| 19:46 | Create | Villager (Male) |
| 19:47 | Create | Villager (Male) |
| 20:37 | Create | Archer |
| 20:37 | Create | Archer |
| 20:37 | Create | Archer |
| 21:08 | Create | Archer |
| 21:08 | Create | Archer |
| 21:09 | Create | Archer |
| 21:23 | Age | Castle Age |
| 21:25 | Research | Crossbowman (upgrade) |
| 21:32 | Build | Town Center |
| 21:42 | Create | Villager (Male) |
| 22:02 | Research | Bodkin Arrow |
| 22:02 | Research | Bodkin Arrow |
| 22:26 | Create | Archer |
| 22:27 | Create | Archer |
| 22:31 | Create | Villager (Male) |
| 22:34 | Build | Farm |
| 22:35 | Build | Farm |
| 22:37 | Build | Farm |
| 22:43 | Build | Town Center |
Build order — Mandarh
113 actions detected in the replay
| 0:02 | Build | House |
| 0:04 | Build | House |
| 0:04 | Create | Villager (Male) |
| 0:04 | Create | Villager (Male) |
| 0:04 | Create | Villager (Male) |
| 0:05 | Create | Villager (Male) |
| 0:05 | Create | Villager (Male) |
| 1:43 | Create | Villager (Male) |
| 1:47 | Build | Lumber Camp |
| 2:03 | Create | Villager (Male) |
| 2:03 | Create | Villager (Male) |
| 2:31 | Create | Villager (Male) |
| 3:01 | Create | Villager (Male) |
| 3:45 | Create | Villager (Male) |
| 3:45 | Create | Villager (Male) |
| 4:00 | Create | Villager (Male) |
| 4:19 | Build | House |
| 4:24 | Build | Mill |
| 4:44 | Create | Villager (Male) |
| 4:44 | Create | Villager (Male) |
| 5:16 | Create | Villager (Male) |
| 5:44 | Create | Villager (Male) |
| 5:56 | Create | Villager (Male) |
| 6:22 | Create | Villager (Male) |
| 6:40 | Build | Barracks |
| 6:43 | Create | Villager (Male) |
| 6:47 | Research | Loom |
| 7:02 | Build | Palisade Wall |
| 7:08 | Build | Palisade Wall |
| 7:28 | Research | Feudal Age |
| 7:48 | Build | House |
| 8:07 | Create | Militia |
| 8:07 | Create | Militia |
| 8:15 | Build | House |
| 8:18 | Build | Palisade Wall |
| 8:38 | Build | Mining Camp |
| 9:01 | Create | Militia |
| 9:20 | Build | House |
| 9:27 | Build | Palisade Wall |
| 9:42 | Create | Villager (Male) |
| 9:48 | Create | Militia |
| 9:49 | Age | Feudal Age |
| 9:54 | Research | Man-at-Arms (upgrade) |
| 10:19 | Create | Villager (Male) |
| 10:25 | Create | Villager (Male) |
| 10:47 | Create | Villager (Male) |
| 10:50 | Build | House |
| 11:27 | Build | House |
| 11:32 | Build | Stable |
| 11:34 | Create | Villager (Male) |
| 11:40 | Research | Double-Bit Axe |
| 12:05 | Create | Villager (Male) |
| 12:05 | Create | Villager (Male) |
| 12:56 | Create | Villager (Male) |
| 12:56 | Create | Villager (Male) |
| 13:00 | Build | Farm |
| 13:00 | Build | Farm |
| 13:15 | Build | House |
| 13:19 | Build | Palisade Wall |
| 13:19 | Create | Villager (Male) |
| 13:23 | Build | Farm |
| 13:27 | Build | Farm |
| 13:30 | Build | Farm |
| 13:39 | Build | Palisade Wall |
| 13:53 | Build | Farm |
| 14:14 | Build | Watch Tower |
| 14:30 | Build | Lumber Camp |
| 14:32 | Create | Scout Cavalry |
| 14:33 | Create | Scout Cavalry |
| 15:13 | Create | Villager (Male) |
| 15:23 | Create | Scout Cavalry |
| 15:23 | Create | Scout Cavalry |
| 15:29 | Build | Farm |
| 15:31 | Build | Farm |
| 15:32 | Build | Farm |
| 15:34 | Build | Farm |
| 15:54 | Build | Farm |
| 15:56 | Build | Farm |
| 16:19 | Build | Mining Camp |
| 16:43 | Create | Scout Cavalry |
| 16:43 | Create | Scout Cavalry |
| 16:43 | Create | Scout Cavalry |
| 17:09 | Build | Farm |
| 17:11 | Build | Farm |
| 17:21 | Create | Scout Cavalry |
| 17:48 | Build | Palisade Gate |
| 17:49 | Create | Villager (Male) |
| 17:50 | Create | Villager (Male) |
| 18:23 | Build | Mining Camp |
| 18:30 | Build | Farm |
| 18:31 | Build | Farm |
| 18:32 | Build | Farm |
| 18:41 | Create | Scout Cavalry |
| 18:41 | Create | Scout Cavalry |
| 19:10 | Create | Villager (Male) |
| 19:43 | Create | Villager (Male) |
| 19:43 | Create | Villager (Male) |
| 19:51 | Build | Watch Tower |
| 19:56 | Build | Watch Tower |
| 19:57 | Create | Villager (Male) |
| 19:57 | Create | Villager (Male) |
| 20:29 | Build | Blacksmith |
| 20:41 | Create | Villager (Male) |
| 20:52 | Create | Scout Cavalry |
| 20:53 | Create | Scout Cavalry |
| 21:12 | Research | Fletching |
| 21:41 | Build | Farm |
| 21:51 | Build | Watch Tower |
| 21:56 | Build | House |
| 21:58 | Build | House |
| 22:01 | Build | House |
| 22:30 | Build | Farm |
| 22:53 | Create | Villager (Male) |
Build order — SCHLAWInER
72 actions detected in the replay
| 0:04 | Build | House |
| 0:06 | Create | Villager (Male) |
| 0:06 | Create | Villager (Male) |
| 0:29 | Create | Villager (Male) |
| 1:15 | Create | Villager (Male) |
| 1:24 | Create | Villager (Male) |
| 2:09 | Create | Villager (Male) |
| 2:23 | Build | Mill |
| 2:32 | Create | Villager (Male) |
| 2:38 | Build | House |
| 2:58 | Build | Lumber Camp |
| 3:30 | Research | Loom |
| 3:40 | Create | Villager (Male) |
| 4:46 | Create | Villager (Male) |
| 4:47 | Create | Villager (Male) |
| 4:53 | Build | House |
| 5:04 | Create | Villager (Male) |
| 5:05 | Create | Villager (Male) |
| 5:34 | Create | Villager (Male) |
| 5:38 | Create | Villager (Male) |
| 6:07 | Build | Farm |
| 6:13 | Build | Farm |
| 6:41 | Create | Villager (Male) |
| 6:42 | Create | Villager (Male) |
| 7:19 | Create | Villager (Male) |
| 7:19 | Create | Villager (Male) |
| 8:14 | Create | Villager (Male) |
| 8:23 | Build | House |
| 9:11 | Research | Feudal Age |
| 9:28 | Build | Mining Camp |
| 9:51 | Build | Barracks |
| 11:04 | Create | Villager (Male) |
| 11:05 | Create | Villager (Male) |
| 11:14 | Age | Feudal Age |
| 11:18 | Research | Wheelbarrow |
| 11:24 | Research | Horse Collar |
| 11:39 | Build | Farm |
| 11:40 | Build | Farm |
| 11:41 | Build | Farm |
| 11:43 | Build | Farm |
| 12:49 | Create | Spearman |
| 12:49 | Create | Spearman |
| 12:49 | Create | Spearman |
| 12:50 | Create | Spearman |
| 13:26 | Create | Spearman |
| 13:26 | Create | Spearman |
| 13:33 | Create | Villager (Male) |
| 13:34 | Create | Villager (Male) |
| 13:34 | Create | Villager (Male) |
| 13:51 | Create | Villager (Male) |
| 13:51 | Create | Villager (Male) |
| 14:16 | Build | Farm |
| 14:26 | Create | Villager (Male) |
| 14:44 | Create | Spearman |
| 14:44 | Create | Spearman |
| 14:45 | Create | Spearman |
| 15:07 | Create | Villager (Male) |
| 15:48 | Create | Spearman |
| 15:49 | Create | Spearman |
| 15:49 | Create | Spearman |
| 16:04 | Build | Farm |
| 16:20 | Build | Farm |
| 16:24 | Create | Villager (Male) |
| 16:24 | Create | Villager (Male) |
| 17:02 | Create | Villager (Male) |
| 17:31 | Create | Spearman |
| 17:35 | Create | Villager (Male) |
| 17:48 | Build | House |
| 18:17 | Create | Spearman |
| 18:17 | Create | Spearman |
| 18:18 | Create | Spearman |
| 18:18 | Create | Spearman |
Build order — Shaka
147 actions detected in the replay
| 0:01 | Create | Villager (Male) |
| 0:02 | Create | Villager (Male) |
| 0:02 | Create | Villager (Male) |
| 0:02 | Create | Villager (Male) |
| 0:04 | Build | House |
| 0:06 | Build | House |
| 1:23 | Create | Villager (Male) |
| 1:23 | Create | Villager (Male) |
| 2:03 | Create | Villager (Male) |
| 2:04 | Create | Villager (Male) |
| 2:10 | Build | Lumber Camp |
| 2:15 | Create | Villager (Male) |
| 2:15 | Create | Villager (Male) |
| 2:47 | Create | Villager (Male) |
| 2:47 | Create | Villager (Male) |
| 3:08 | Build | House |
| 3:11 | Build | House |
| 3:16 | Create | Villager (Male) |
| 3:16 | Create | Villager (Male) |
| 3:51 | Create | Villager (Male) |
| 3:51 | Create | Villager (Male) |
| 3:52 | Create | Villager (Male) |
| 4:26 | Create | Villager (Male) |
| 4:26 | Create | Villager (Male) |
| 4:29 | Create | Villager (Male) |
| 4:30 | Create | Villager (Male) |
| 4:30 | Create | Villager (Male) |
| 5:06 | Create | Villager (Male) |
| 5:06 | Create | Villager (Male) |
| 5:13 | Build | Mill |
| 5:21 | Create | Villager (Male) |
| 5:21 | Create | Villager (Male) |
| 5:31 | Research | Loom |
| 6:52 | Research | Feudal Age |
| 7:53 | Build | Barracks |
| 7:57 | Build | House |
| 8:10 | Create | Villager (Male) |
| 8:11 | Create | Villager (Male) |
| 9:02 | Age | Feudal Age |
| 9:09 | Build | Archery Range |
| 9:22 | Build | Mining Camp |
| 9:24 | Create | Villager (Male) |
| 9:28 | Research | Double-Bit Axe |
| 9:35 | Create | Villager (Male) |
| 9:45 | Build | Farm |
| 9:50 | Build | Farm |
| 9:51 | Create | Villager (Male) |
| 9:55 | Create | Archer |
| 10:12 | Build | House |
| 10:16 | Research | Town Watch |
| 10:18 | Create | Villager (Male) |
| 10:47 | Create | Villager (Male) |
| 10:50 | Create | Archer |
| 10:52 | Create | Archer |
| 11:04 | Research | Horse Collar |
| 11:12 | Create | Archer |
| 11:38 | Create | Villager (Male) |
| 11:38 | Create | Villager (Male) |
| 11:42 | Create | Villager (Male) |
| 11:42 | Create | Villager (Male) |
| 11:50 | Build | Farm |
| 11:53 | Build | Farm |
| 11:56 | Build | Farm |
| 11:57 | Build | Farm |
| 12:08 | Create | Villager (Male) |
| 12:11 | Create | Archer |
| 12:37 | Create | Villager (Male) |
| 12:42 | Create | Archer |
| 12:47 | Create | Villager (Male) |
| 12:56 | Build | House |
| 13:03 | Build | House |
| 13:09 | Create | Villager (Male) |
| 13:25 | Create | Archer |
| 13:27 | Create | Villager (Male) |
| 13:32 | Build | Farm |
| 13:37 | Build | Farm |
| 13:57 | Create | Villager (Male) |
| 14:03 | Create | Archer |
| 14:16 | Build | House |
| 14:20 | Build | House |
| 14:27 | Create | Archer |
| 14:28 | Create | Villager (Male) |
| 14:41 | Build | Farm |
| 14:42 | Create | Villager (Male) |
| 14:45 | Create | Archer |
| 15:19 | Build | Lumber Camp |
| 15:32 | Build | House |
| 15:36 | Build | House |
| 15:40 | Create | Villager (Male) |
| 15:44 | Create | Archer |
| 16:01 | Create | Villager (Male) |
| 16:05 | Create | Archer |
| 16:15 | Create | Villager (Male) |
| 16:22 | Build | Blacksmith |
| 16:27 | Create | Villager (Male) |
| 16:29 | Create | Archer |
| 16:48 | Build | Farm |
| 16:51 | Research | Gold Mining |
| 17:15 | Create | Villager (Male) |
| 17:21 | Research | Fletching |
| 17:22 | Research | Padded Archer Armor |
| 17:26 | Create | Villager (Male) |
| 17:29 | Create | Archer |
| 17:29 | Create | Archer |
| 18:09 | Create | Villager (Male) |
| 18:09 | Create | Villager (Male) |
| 18:12 | Create | Archer |
| 18:12 | Create | Archer |
| 18:44 | Create | Villager (Male) |
| 18:50 | Build | Farm |
| 18:54 | Build | Farm |
| 18:55 | Build | Farm |
| 18:57 | Build | Farm |
| 18:58 | Build | Farm |
| 18:59 | Build | Farm |
| 19:01 | Build | Farm |
| 19:02 | Build | Farm |
| 19:03 | Build | Farm |
| 19:05 | Build | Farm |
| 19:06 | Build | Farm |
| 19:08 | Build | Farm |
| 19:16 | Create | Villager (Male) |
| 19:21 | Create | Archer |
| 19:56 | Create | Villager (Male) |
| 20:05 | Build | Farm |
| 20:09 | Build | Farm |
| 20:11 | Build | Farm |
| 20:12 | Build | Farm |
| 20:14 | Create | Villager (Male) |
| 20:17 | Create | Archer |
| 20:23 | Build | House |
| 20:26 | Build | House |
| 20:27 | Build | House |
| 20:29 | Create | Villager (Male) |
| 21:03 | Research | Castle Age |
| 21:18 | Create | Villager (Male) |
| 21:35 | Research | Wheelbarrow |
| 21:39 | Build | House |
| 21:42 | Build | House |
| 21:44 | Build | House |
| 21:48 | Research | Stone Mining |
| 21:54 | Build | Mining Camp |
| 22:16 | Create | Archer |
| 22:17 | Create | Archer |
| 22:30 | Build | Lumber Camp |
| 22:39 | Build | House |
| 23:56 | Age | Castle Age |
Match timeline
| 6:40 | Mandarh · first_building Barracks |
| 7:02 | Mandarh · wall_segment Palisade Wall x2 |
| 7:08 | Mandarh · wall_segment Palisade Wall x1 |
| 7:50 | Keksprinzessin · first_building Barracks |
| 7:53 | Shaka · first_building Barracks |
| 8:18 | Mandarh · wall_segment Palisade Wall x6 |
| 9:02 | Shaka · age_up feudal |
| 9:09 | Shaka · first_building Archery Range |
| 9:20 | Keksprinzessin · wall_segment Palisade Wall x4 |
| 9:27 | Mandarh · wall_segment Palisade Wall x3 |
| 9:49 | Mandarh · age_up feudal |
| 9:49 | Keksprinzessin · age_up feudal |
| 9:50 | Keksprinzessin · first_building Archery Range |
| 9:51 | SCHLAWInER · first_building Barracks |
| 10:22 | Keksprinzessin · wall_segment Palisade Wall x10 |
| 11:14 | SCHLAWInER · age_up feudal |
| 11:32 | Mandarh · first_building Stable |
| 11:56 | Keksprinzessin · wall_segment Palisade Wall x8 |
| 12:09 | Keksprinzessin · wall_segment Palisade Wall x5 |
| 13:02 | Keksprinzessin · wall_segment Palisade Wall x17 |
| 13:03 | Keksprinzessin · wall_segment Palisade Wall x2 |
| 13:19 | Mandarh · wall_segment Palisade Wall x5 |
| 13:39 | Mandarh · wall_segment Palisade Wall x13 |
| 21:23 | Keksprinzessin · age_up castle |
| 23:21 | Keksprinzessin · resign |
| 23:56 | Shaka · age_up castle |
[ AI ANALYSIS · 1 CREDIT ]
What really happened in this match?
Wolo.gg analyzes every decision: build order, eco, micro, common mistakes by bracket. Personalized analysis on WhatsApp or Discord in 30 seconds.
Civ guide
Maya
Perfil
Jugador #4668274